 Dungeon Crawl Stone Soup version 0.21.1-1-g345015f (webtiles) character file.

149 inc the Skirmisher (level 5, -8/37 HPs)
             Began as an Octopode Transmuter on Mar 16, 2018.
             Hit by a tomahawk thrown by an orc warrior (17 damage)
             ... on level 3 of the Dungeon.
             The game lasted 00:03:01 (1755 turns).

inc the Skirmisher (Octopode Transmuter)            Turns: 1755, Time: 00:03:01

Health: -8/37      AC:  1    Str: 10    XL:     5   Next: 31%
Magic:  3/8        EV: 16    Int: 16    God:
Gold:   100        SH:  0    Dex: 12    Spells: 1/8 levels left

rFire    . . .     SeeInvis +     - Unarmed
rCold    . . .     Gourm    .   (no shield)
rNeg     . . .     Faith    .   (helmet restricted)
rPois    .         Spirit   .   (no amulet)
rElec    .         Reflect  .   e - ring of see invisible
rCorr    .         Harm     .   i - +3 ring of evasion
MR       .....                  (no ring)
Stlth    ++........             (no ring)
HPRegen  0.12/turn              (no ring)
MPRegen  0.11/turn              (no ring)
                                (no ring)
                                (no ring)

@: very slightly contaminated
A: almost no armour, stealthy swim, amphibious, 8 rings, constrict 8, camouflage
1, gelatinous body 1
a: no special abilities


You were on level 3 of the Dungeon.
You were very hungry.

You visited 1 branch of the dungeon, and saw 3 of its levels.

You collected 100 gold pieces.

Inventory:

Missiles
 a - 51 arrows
Jewellery
 e - a ring of see invisible (left tentacle)
 i - a +3 ring of evasion (right tentacle)
Scrolls
 f - a scroll of remove curse {unknown}
 h - 3 scrolls of identify {unknown}
 j - a scroll of teleportation {unknown}
 l - a scroll of blinking {unknown}
 m - a scroll of random uselessness {unknown}
Potions
 d - 2 potions of haste {unknown}
 g - a potion of heal wounds {unknown}
 k - a potion of agility {unknown}
Books
 b - a book of Changes

   Spells                             Type                      Level
   a - Beastly Appendage              Transmutation                1
   b - Sticks to Snakes               Transmutation                2
   c - Spider Form                    Transmutation/Poison         3
   d - Ice Form                       Ice/Transmutation            4
   e - Blade Hands                    Transmutation                5
Comestibles
 c - 7 rations


   Skills:
 - Level 3.8 Fighting
 - Level 2.0 Dodging
 - Level 3.0 Unarmed Combat
 - Level 2.0 Spellcasting
 + Level 3.7 Transmutations


You had one spell level left.
You knew the following spells:

 Your Spells              Type           Power        Failure   Level  Hunger
a - Beastly Appendage     Tmut           ##....       4%          1    #......
b - Sticks to Snakes      Tmut           ##......     7%          2    ###....
c - Ice Form              Ice/Tmut       #.......     67%         4    #####..


Dungeon Overview and Level Annotations

Branches:
Dungeon (3/15)

Altars:
Okawaru
Zin
The Shining One

Shops:
D:2 *


Innate Abilities, Weirdness & Mutations

You cannot wear most types of armour.
You are very stealthy in the water. (Stealth+)
You are amphibious.
You can wear up to eight rings at the same time.
You can use your tentacles to constrict eight enemies at once.
Your skin changes colour to match your surroundings (Stealth+).
Your rubbery body absorbs attacks. (AC +1, EV +1)


Message History

You tentacle-slap the orc warrior.
The orc warrior is lightly wounded.
You constrict the orc warrior, but do no damage.
The orc warrior hits you with a dire flail of protection!
* * * LOW HITPOINT WARNING * * *
You release your grip on the orc warrior.
The orc warrior throws a tomahawk.
The tomahawk misses you.
The orc warrior throws a tomahawk.
The tomahawk misses you.
You see here a tomahawk.
Casting: Beastly Appendage
Confirm with . or Enter, or press ? or * to list all spells.
You miscast Sticks to Snakes.
You are very lightly contaminated with residual magic.
Nothing appears to happen.
Casting: Sticks to Snakes
Confirm with . or Enter, or press ? or * to list all spells.
You miscast Sticks to Snakes.
Nothing appears to happen.
Your tentacle spike disappears.
The orc warrior throws a tomahawk.
The tomahawk hits you!
You die...

........ .>..#.# ..... ...
#o# #o# #.# ##
###############o######
#...............@(........
#.# ###..#.###.###.#######
#.# #......# #.# ...# #.#
#.#..### #.# ....# ..#
#.#..# #.##.(.##
#.###.#..#####.###.##
#..............# #.#
#.###.########## .# #.#
#.#


You could see an orc warrior.

Vanquished Creatures
  2 orc wizards (D:3)
  3 adders
  3 worms (D:2)
  3 leopard geckos (D:1)
  2 giant cockroaches
  11 goblins
  5 hobgoblins
  4 jackals (D:2)
  A quokka (D:2)
  11 bats
  3 frilled lizards
  4 kobolds
  2 rats (D:1)
54 creatures vanquished.

Notes
Turn   | Place    | Note
-------+----------+-------------------------------------------
     0 | D:1      | inc the Octopode Transmuter began the quest for the Orb.
     0 | D:1      | Reached XP level 1. HP: 13/13 MP: 3/3
    36 | D:1      | Reached XP level 2. HP: 16/19 MP: 5/5
   306 | D:1      | Reached XP level 3. HP: 14/25 MP: 6/6
   931 | D:2      | Found Zin's Purification Station.
   931 | D:2      | Found a glowing silver altar of Zin.
  1068 | D:2      | Reached XP level 4. HP: 18/33 MP: 5/7
  1329 | D:2      | Learned a level 2 spell: Sticks to Snakes
  1334 | D:2      | Learned a level 4 spell: Ice Form
  1588 | D:2      | Found a glowing golden altar of the Shining One.
  1655 | D:3      | Found an iron altar of Okawaru.
  1737 | D:3      | Noticed an orc warrior
  1741 | D:3      | Reached XP level 5. HP: 37/37 MP: 6/8
  1755 | D:3      | Hit by a tomahawk thrown by an orc warrior

Skill      XL: |  1  2  3  4 |
---------------+-------------+-----
Fighting       | 2 3 |  3.8
Transmutations | 3 |  3.7
Dodging        | |  2.0
Unarmed Combat | |  3.0
Spellcasting   | |  2.0

Action                   |  1- 3 |  4- 6 || total
-------------------------+-------+-------++-------
Melee: Unarmed           |    84 |    42 ||   126
       Constrict         |    25 |    11 ||    36
       Kick              |    15 |     9 ||    24
       Tentacles         |    15 |    10 ||    25
       Punch             |     3 |       ||     3
 Cast: Beastly Appendage |    13 |     8 ||    21
 Stab: Sleeping          |     4 |     3 ||     7
  Eat: Chunk             |     1 |     1 ||     2
Armor: Skin              |    12 |     2 ||    14
Dodge: Dodged            |    77 |    25 ||   102
